 Dungeon Crawl Stone Soup version 0.29.0-11-gd7f09526c8 (webtiles) character file.

Game seed: 1324209155335425961

314 browni3141 the Conjurer (level 6, -3/41 HPs)
             Began as a Formicid Conjurer on Sept 3, 2022.
             Slain by an orc priest
             ... wielding a +0 club
              (4 damage)
             ... on level 4 of the Dungeon.
             The game lasted 00:05:52 (4110 turns).

browni3141 the Conjurer (Formicid Conjurer)         Turns: 4110, Time: 00:05:53

Health: -3/41      AC:  4    Str: 12    XL:     6   Next: 72%
Magic:  8/12       EV: 11    Int: 19    God:
Gold:   105        SH:  6    Dex: 14    Spells: 6/13 levels left

rFire   . . .      SeeInvis +   i - +2 trident "Vaiduug" {freeze, Dex+2}
rCold   . . .      Faith    .   A - +2 buckler
rNeg    . . .      Spirit   .   a - +0 robe
rPois   .          Reflect  .   (helmet unavailable)
rElec   .          Harm     .   t - +0 cloak
rCorr   .          Rampage  .   g - +0 pair of gloves
Will    +....                   (no boots)
Stlth   ++........              r - amulet of magic regeneration
HPRegen 0.13/turn               M - ring of willpower
MPRegen 0.53/turn               (no ring)

@: attractive, flying, very slightly contaminated
A: permanent stasis, dig shafts and tunnels, antennae 3, four strong arms
a: Dig, Shaft Self


You were on level 4 of the Dungeon.
You visited 1 branch of the dungeon, and saw 4 of its levels.

You collected 105 gold pieces.


Innate Abilities, Weirdness & Mutations

You cannot be hasted, slowed, berserked, paralysed or teleported.
You can dig through walls and to a lower floor.
You have a pair of large antennae on your head. (SInv)
Your four strong arms can wield two-handed weapons with a shield.


   Skills:
 - Level 1.7 Dodging
 - Level 2.4 Stealth
 * Level 1.4 Shields
 - Level 4.0 Spellcasting
 - Level 5.0 Conjurations
 * Level 4.0 Hexes


You had 6 spell levels left.
You knew the following spells:

 Your Spells              Type           Power      Damage    Failure   Level
f - Fulminant Prism       Conj/Hex       10%        3d9       26%         4
s - Searing Ray           Conj           44%        2d6       3%          2
z - Magic Dart            Conj           88%        1d7       2%          1

Your spell library contained the following spells:

 Spells                   Type           Power      Damage    Failure   Level
 Dazzling Flash           Conj/Hex       40%        N/A       8%          3
 Confusing Touch          Hex            19%        N/A       10%         3
 Tukima's Dance           Hex            19%        N/A       10%         3
 Ensorcelled Hibernation  Hex/Ice        22%        N/A       11%         2
 Sandblast                Erth           6%         2d5       17%         1
 Sting                    Tmut/Pois      12%        1d3       17%         1
 Stone Arrow              Conj/Erth      26%        3d8       19%         3
 Portal Projectile        Hex/Tloc       22%        N/A       22%         3
 Passwall                 Tmut/Erth      2%         N/A       26%         2
 Poisonous Vapours        Pois/Air       6%         N/A       26%         2
 Lesser Beckoning         Tloc           3%         N/A       45%         3
 Spider Form              Tmut/Pois      3%         N/A       45%         3
 Iskenderun's Mystic Bla  Conj/Tloc      13%        2d5       52%         4
 Anguish                  Hex/Necr       5%         N/A       58%         4
 Olgreb's Toxic Radiance  Pois           3%         N/A       86%         4
 Yara's Violent Unravell  Hex/Tmut       5%         3d4       90%         5
 Blade Hands              Tmut           1%         N/A       99%         5
 Manifold Assault         Tloc           3%         N/A       99%         5
 Enfeeble                 Hex            9%         N/A       100%        7
 Blink                    Tloc           Unusable   N/A       N/A         2

Inventory:

Hand Weapons
 h - a +2 whip of electrocution
 i - the +2 trident "Vaiduug" (weapon) {freeze, Dex+2}
   (You found it on level 2 of the Dungeon)

   It freezes those it strikes, dealing additional cold damage.
   It can also slow down cold-blooded creatures.
   Dex:       It affects your dexterity (+2).
Armour
 a - a +0 robe (worn)
 g - a +0 pair of gloves (worn)
 t - a +0 cloak (worn)
 A - a +2 buckler (worn)
Jewellery
 r - an amulet of magic regeneration (around neck)
 C - a ring of ice
 M - a ring of willpower (left hand)
Scrolls
 c - 3 scrolls of poison {unknown}
 d - 5 scrolls of teleportation {unknown}
 j - 9 scrolls of identify {unknown}
 m - a scroll of fog {unknown}
 n - a scroll of noise {unknown}
 o - a scroll of torment {unknown}
 q - 2 scrolls of amnesia {unknown}
 s - 2 scrolls of fear {unknown}
 u - a scroll of immolation {unknown}
 v - a scroll of magic mapping {unknown}
 w - a scroll of silence {unknown}
 y - a scroll of blinking {unknown}
Potions
 b - a potion of magic
 e - a potion of flight
 f - a potion of degeneration {unknown}
 k - a potion of berserk rage {unknown}
 l - a potion of haste {unknown}
 p - a potion of resistance {unknown}
 x - 2 potions of attraction {!q}

Dungeon Overview and Level Annotations

Branches:
Dungeon (4/15)
 Temple: D:4-7

Altars:
Cheibriados

Shops:
D:4

?
#.....###...#......#
#.....#.....#......#
#.....#.....'......#
#.....#.....#......#
#.....'.....#......#
#.....#.....#......#
#############......#
......#......#
{..))..'o@....#
#..... {
......#......+
#.....
########......#
#.....
#.............#
#.....
#.............#
#.....
#.............#
#.....
#.............#
#.....
######.............#
#.....
#..................#
#.....


You could see an orc priest.


Message History

You are too confused!
Unknown command.
You bump into the rock wall.
The orc priest calls down the wrath of Beogh upon you.
Beogh smites you!
* * * LOW HITPOINT WARNING * * *
It was a potion of attraction.
You feel attractive to monsters. The orc priest is attracted toward you.
It was a potion of flight.
You feel very buoyant.
You fly up into the air.
The orc priest invokes the aid of Beogh against you.
Pain shoots through your body!
* * * LOW HITPOINT WARNING * * *
Unknown command.
It was a potion of curing.
You feel better.
The orc priest calls down the wrath of Beogh upon you.
Pain shoots through your body!
* * * LOW HITPOINT WARNING * * *
Unknown command.
Casting: Fulminant Prism (quite dangerous; 26% risk of failure)
Confirm with . or Enter, or press ? or * to list all spells.
Aiming: Searing Ray (safe; 3% risk of failure)
Press: ? - help, Shift-Dir - straight line, f - orc priest
Aim: an orc priest, wielding a +0 club (heavily wounded, 78% to hit)
You miscast Searing Ray.
You are very lightly contaminated with residual magic.
Nothing appears to happen.
The orc priest hits you with a +0 club.
You die...

Skill      XL: |  1  2  3  4  5  6 |
---------------+-------------------+-----
Conjurations   | 4 5 |  5.0
Spellcasting   | 3 4 |  4.0
Hexes          | 2 4 |  4.0
Shields        | 1 |  1.4
Dodging        | |  1.7
Stealth        | |  2.4

Action                   |  1- 3 |  4- 6 || total
-------------------------+-------+-------++-------
Melee: Unarmed           |     3 |       ||     3
       Trident           |    10 |    54 ||    64
 Cast: Magic Dart        |    57 |   108 ||   165
       Searing Ray       |     1 |     5 ||     6
       Fulminant Prism   |       |     1 ||     1
  Use: Potion            |       |     3 ||     3
 Stab: Distracted        |       |     1 ||     1
Armor: Robe              |     2 |    17 ||    19
Dodge: Dodged            |     1 |    41 ||    42

Levels and vault maps discovered:
D:1:      roderic_crossed_star, layout_basic
D:2:      layout_basic, st_stairs_14, minivault_24, kennysheep_nub,
          grunt_decor_fettered, uniq_robin
D:3:      wander_river, layout_basic, roderic_serpentine_path,
          nicolae_kite_square_tiling_tiny, hangedman_decor_points
D:4:      layout_gridville, chei_slow_surprise, serial_shops,
          nicolae_shop_hallway_stairs

Notes
Turn   | Place    | Note
-------+----------+-------------------------------------------
     0 | D:1      | browni3141 the Formicid Conjurer began the quest for the
                  | Orb.
     0 | D:1      | Reached XP level 1. HP: 13/13 MP: 3/3
   353 | D:1      | Reached skill level 4 in Conjurations
   353 | D:1      | Reached XP level 2. HP: 16/19 MP: 0/5
  1079 | D:2      | Reached XP level 3. HP: 24/24 MP: 4/6
  1211 | D:2      | Identified the +2 trident "Vaiduug" {freeze, Dex+2}
  1395 | D:2      | Noticed Robin
  1543 | D:1      | Learned a level 2 spell: Searing Ray
  1547 | D:2      | Killed Robin
  1548 | D:2      | Reached XP level 4. HP: 27/30 MP: 3/7
  2021 | D:2      | Reached skill level 5 in Conjurations
  2573 | D:3      | Reached skill level 3 in Spellcasting
  2578 | D:3      | Learned a level 4 spell: Fulminant Prism
  2591 | D:3      | Reached XP level 5. HP: 24/35 MP: 7/9
  3332 | D:4      | Reached skill level 4 in Spellcasting
  3438 | D:4      | Reached skill level 1 in Hexes
  3452 | D:4      | Reached skill level 2 in Hexes
  3453 | D:4      | Reached XP level 6. HP: 25/41 MP: 2/12
  3709 | D:4      | Reached skill level 3 in Hexes
  3847 | D:4      | Found Isee's Magic Scroll Boutique.
  3994 | D:4      | Found a snail-covered altar of Cheibriados.
  4101 | D:4      | Reached skill level 1 in Shields
  4105 | D:4      | Reached skill level 4 in Hexes
  4108 | D:4      | HP: 1/41 [orc priest/nerve-wracking pain (7)]
  4110 | D:4      | Slain by an orc priest

Vanquished Creatures
  An orc priest (D:4)
  An iguana (D:4)
  4 orc wizards
  Robin (D:2)
  3 adders
  2 ufetubi (D:4)
  3 worms
  2 dart slugs
  8 orcs
  4 bats
  8 endoplasms
  3 giant cockroaches
  13 goblins
  17 hobgoblins
  3 quokkas
  4 ball pythons
  2 frilled lizards
  7 kobolds
  4 rats
90 creatures vanquished.

Vanquished Creatures (others)
  A fulminant prism (D:4)
1 creature vanquished.

Grand Total: 91 creatures vanquished

Table legend: (Time is in decaauts)
 A = Elapsed time spent in this place.
 B = Non-inter-level travel time spent in this place.
 C = Inter-level travel time spent in this place.
 D = Time resting spent in this place.
 E = Time spent auto-exploring this place.
 F = Levels seen in this place.
 G = Mean time per level.
                   A        B        C        D        E       F      G
               +--------+--------+--------+--------+--------+-----+--------+
         Total |   4158 |   4073 |     85 |    150 |   3255 |   4 | 1039.5 |
       Dungeon |   4158 |   4073 |     85 |    150 |   3255 |   4 | 1039.5 |
               +--------+--------+--------+--------+--------+-----+--------+

Top non-repeatable levels by time:
     D:1: 1255 daAuts
     D:3: 1118 daAuts
     D:2: 990 daAuts
     D:4: 794 daAuts

Table legend:
 A = Non-vault XP
 B = Vault XP
 C = Vault XP percentage of total XP
 D = Non-vault monster count
 E = Vault monster count
 F = Vault count percentage of total count
                 A         B        C        D         E       F
            +---------+---------+-------+---------+---------+-------
      Total |     406 |      43 |   9.6 |      76 |      14 |  15.6
            +---------+---------+-------+---------+---------+-------
        D:1 |      27 |       0 |   0.0 |      16 |       0 |   0.0
        D:2 |      38 |      43 |  53.1 |      14 |      14 |  50.0
        D:3 |     102 |       0 |   0.0 |      24 |       0 |   0.0
        D:4 |     239 |       0 |   0.0 |      22 |       0 |   0.0
            +---------+---------+-------+---------+---------+-------
